 Dungeon Crawl Stone Soup version 0.29.1-13-g9f3cf754e1 (webtiles) character file.

Game seed: 9329958483467552689

26 BiteMe the Firebug (level 2, 0/19 HPs)
             Began as a Demonspawn Fire Elementalist on Feb 4, 2023.
             Slain by Robin
             ... wielding a +0 club
              (5 damage)
             ... on level 2 of the Dungeon.
             The game lasted 00:10:16 (1727 turns).

BiteMe the Firebug (Demonspawn Fire Elementalist)   Turns: 1727, Time: 00:10:16

Health: 0/19       AC:  3    Str:  8    XL:     2   Next: 89%
Magic:  0/5        EV: 12    Int: 16    God:
Gold:   32         SH:  0    Dex: 13    Spells: 5/6 levels left

rFire   . . .      SeeInvis .   d - +1 war axe
rCold   . . .      Faith    .   (no shield)
rNeg    . . .      Spirit   .   a - +0 robe
rPois   .          Reflect  .   (no helmet)
rElec   .          Harm     .   (no cloak)
rCorr   .          Rampage  .   h - +0 pair of gloves
Will    .....                   (no boots)
Stlth   ++........              (no amulet)
HPRegen 0.06/turn               (no ring)
MPRegen 0.09/turn               (no ring)

@: no status effects
A: spiny 1
a: no special abilities


You were on level 2 of the Dungeon.
You visited 1 branch of the dungeon, and saw 2 of its levels.

You collected 32 gold pieces.

Inventory:

Hand Weapons
 d - a +1 war axe (weapon)
 o - a +0 mace
Armour
 a - a +0 robe (worn)
 f - a +0 plate armour
 h - a +0 pair of gloves (worn)
 k - a +0 ring mail
Scrolls
 e - a scroll of silence {unknown}
 g - 2 scrolls of enchant weapon
 i - a scroll of fog {unknown}
 l - a scroll of vulnerability {unknown}
 m - a scroll of poison {unknown}
 n - a scroll of teleportation {unknown}
Potions
 b - a potion of magic
 c - a potion of degeneration {unknown}
 j - 2 potions of curing {unknown}


   Skills:
 + Level 1.9 Dodging
 - Level 1.7 Stealth
 * Level 2.5 Spellcasting
 * Level 1.5 Conjurations
 + Level 3.1 Fire Magic


You had 5 spell levels left.
You knew the following spells:

 Your Spells              Type           Power      Damage    Failure   Level
a - Foxfire               Conj/Fire      36%        2x1d5     8%          1

Your spell library contained the following spells:

 Spells                   Type           Power      Damage    Failure   Level
 Scorch                   Fire           24%        2d6       9%          2
 Conjure Flame            Conj/Fire      9%         6-21      22%         3
 Inner Flame              Hex/Fire       7%         N/A       30%         3
 Flame Wave               Conj/Fire      9%         2d6       58%         4


Dungeon Overview and Level Annotations

Branches:
Dungeon (2/15)

Altars:

Annotations:
D:2 Robin


Innate Abilities, Weirdness & Mutations

You are partially covered in sharp spines.


Message History

Robin is lightly wounded.
The foxfire hits Robin but does no damage.
Robin is lightly wounded.
Robin closely misses you.
A goblin comes into view. It is wielding a +0 dagger.
Robin says, "Duck!"
Robin is struck by your spines. Robin barely misses you.
Casting: Foxfire (safe; 8% risk of failure)
Press: ? - help, Q - select action Dir - look around, f - activate You conjure some foxfire!
You barely miss Robin.
Robin is moderately wounded.
The foxfire hits Robin.
Robin is heavily wounded.
The foxfire hits Robin.
Robin is heavily wounded.
Robin throws the goblin at you!
Casting: Foxfire (safe; 8% risk of failure)
Press: ? - help, Q - select action Dir - look around, f - activate You conjure some foxfire!
The goblin hits you with a +0 dagger. Robin closely misses you.
A goblin comes into view.
It is wielding a +2 dagger of distortion.
You slash the goblin!
You kill the goblin!
You hit Robin but do no damage.
The foxfire hits Robin.
Robin is severely wounded.
Robin is struck by your spines. Robin closely misses you.
Robin is struck by your spines. Robin hits you with a +0 club.
A goblin comes into view. It is wielding a +0 club.
Robin says, "My goblins will feast on your bones."
There is a stone staircase leading up here.
You see here a +0 dagger.
Robin attacks as you move away! Robin is struck by your spines.
Robin misses you.
A goblin comes into view. It is wielding a +0 club.
Robin attacks as you move away! Robin hits you with a +0 club.
* * * LOW HITPOINT WARNING * * *
The goblin shouts!
Robin attacks as you move away! Robin hits you with a +0 club.
You die...

... #.##
#g. #g#
#)####
#g...#
#<##.#
#g# # #@#
#........
.!...####
#######


You could see Robin and 3 goblins.

Vanquished Creatures
  A dart slug (D:1)
  4 ball pythons (D:1)
  2 endoplasms (D:1)
  2 giant cockroaches (D:1)
  2 hobgoblins
  2 quokkas (D:1)
  2 bats (D:1)
  A frilled lizard (D:1)
  4 goblins
  A rat (D:1)
21 creatures vanquished.

Vanquished Creatures (others)
  59 foxfires
59 creatures vanquished.

Grand Total: 80 creatures vanquished

Notes
Turn   | Place    | Note
-------+----------+-------------------------------------------
     0 | D:1      | BiteMe the Demonspawn Fire Elementalist began the quest for
                  | the Orb.
     0 | D:1      | Reached XP level 1. HP: 13/13 MP: 3/3
   693 | D:1      | Reached skill level 3 in Fire Magic
   693 | D:1      | Gained mutation: You are partially covered in sharp spines.
                  | [demonic ancestry]
   693 | D:1      | Reached XP level 2. HP: 18/19 MP: 0/5
  1651 | D:1      | Found a faded altar of an unknown god.
  1714 | D:2      | Noticed Robin
  1727 | D:2      | Slain by Robin

Illustrated notes

Levels and vault maps discovered:
D:1:      minmay_arrival_widening_spiral_narrow, layout_loops_ring,
          shapermc_ecumenical_altar_mp_vishouse
D:2:      layout_loops_corners, minmay_pentomino_v4, uniq_robin

Skill      XL: |  1 |
---------------+----+-----
Fire Magic     | 3 |  3.1
Dodging        | |  1.9
Stealth        | |  1.7
Spellcasting   | |  2.5
Conjurations   | |  1.5

Action                   || total
-------------------------++-------
Melee: War axe           ||    15
 Cast: Foxfire           ||    34
  Use: Scroll            ||     1
 Stab: Sleeping          ||     2
Armor: Robe              ||     4
Dodge: Dodged            ||    18
